 Dungeon Crawl Stone Soup version 0.28.0-53-g5a82cb258f (webtiles) character file.

Game seed: 1159544445035225099

3088 ILmort the Fighter (level 9, -1/86 HPs)
             Began as a Minotaur Fighter on Aug 9, 2022.
             Was a Follower of Makhleb.
             Slain by an orc warrior
             ... wielding a +1 vorpal halberd
              (7 damage)
             ... on level 9 of the Dungeon.
             The game lasted 00:27:10 (9452 turns).

ILmort the Fighter (Minotaur Fighter)               Turns: 9452, Time: 00:27:11

Health: -1/86      AC: 16    Str: 31    XL:     9   Next: 59%
Magic:  8/8        EV:  7    Int:  5    God:    Makhleb [*.....]
Gold:   551        SH:  5    Dex: 10    Spells: 8/8 levels left

rFire   + . .      SeeInvis .   a - +0 flail
rCold   . . .      Faith    .   c - +0 buckler
rNeg    . . .      Spirit   .   b - +0 plate armour
rPois   .          Reflect  .   (helmet restricted)
rElec   .          Harm     .   (no cloak)
rCorr   .          Rampage  .   e - +2 pair of gloves
Will    .....                   (no boots)
Stlth   ..........              (no amulet)
HPRegen 0.24/turn               s - ring of protection from fire
MPRegen 0.11/turn               w - +6 ring of strength

@: no status effects
A: horns 2, retaliatory headbutt
a: Renounce Religion


You were on level 9 of the Dungeon.
You worshipped Makhleb.
Makhleb was aware of your devotion.
You visited 2 branches of the dungeon, and saw 10 of its levels.
You also visited: Sewer.

You collected 551 gold pieces.

Inventory:

Hand Weapons
 a - a +0 flail (weapon)
Armour
 b - a +0 plate armour (worn)
 c - a +0 buckler (worn)
 e - a +2 pair of gloves (worn)
 k - a +2 cloak
Jewellery
 h - a ring of ice
 s - a ring of protection from fire (left hand)
 w - a +6 ring of strength (right hand)
 y - a ring of protection from cold
 H - a ring of flight
 L - a ring of magical power
Wands
 p - a wand of polymorph (5)
 r - a wand of flame (42)
 F - a wand of acid (5)
 G - a wand of digging (11)
Scrolls
 f - 4 scrolls of amnesia {unknown}
 i - 2 scrolls of teleportation {unknown}
 l - 4 scrolls of identify {unknown}
 n - a scroll of torment {unknown}
 t - a scroll of blinking {unknown}
 v - a scroll of silence {unknown}
 x - 2 scrolls of magic mapping {unknown}
 B - 2 scrolls of immolation {unknown}
 D - a scroll of fear {unknown}
 I - a scroll of vulnerability {unknown}
Potions
 d - 2 potions of might
 g - 2 potions of mutation {unknown}
 j - a potion of magic {unknown}
 o - a potion of cancellation {unknown}
 q - a potion of heal wounds {unknown}
 u - 2 potions of haste {unknown}
 z - 2 potions of berserk rage {unknown}
 A - 2 potions of attraction {unknown}
 E - 2 potions of degeneration {unknown}
 J - a potion of brilliance {unknown}
 K - 2 potions of curing {unknown}
 M - a potion of flight {unknown}
Miscellaneous
 C - a phantom mirror


   Skills:
 + Level 10.8 Fighting
 + Level 10.4 Maces & Flails
 + Level 6.3 Armour
 + Level 6.3 Shields


You had 8 spell levels left.
You didn't know any spells.
Your spell library contained the following spells:

 Spells                   Type           Power      Damage    Failure   Level
 Magic Dart               Conj           0%         1d3       99%         1
 Searing Ray              Conj           0%         2d4       100%        2
 Fulminant Prism          Conj/Hex       0%         3d6       100%        4


Dungeon Overview and Level Annotations

Branches:
Dungeon (9/15)             Temple (1/1) D:7           Sewer (visited)
   Lair: D:8-11         Orc: D:9-12

Altars:
Ashenzari
Cheibriados
Dithmenos
Elyvilon
Fedhas
Gozag
Hepliaklqana
Kikubaaqudgha
Makhleb
Nemelex Xobeh
Okawaru
Qazlal
Ru
Sif Muna
Trog
Uskayaw
Vehumet
Wu Jian
Xom
Yredelemnul
Zin
The Shining One

Shops:
D:6 [


Innate Abilities, Weirdness & Mutations

You have a pair of horns on your head.
You reflexively headbutt those who attack you in melee.


Message History

The orc warrior hits you from afar with a +1 vorpal halberd!
You hit the orc.
You kill the orc!
Makhleb accepts your kill.
The orc warrior hits you from afar with a +1 vorpal halberd.
You barely miss the orc. Your headbutt misses the orc.
The orc hits you but does no damage. The orc warrior barely misses you.
You hit the orc but do no damage. The orc completely misses you.
The orc warrior hits you from afar with a +1 vorpal halberd!
You sock the orc!
You kill the orc!
Makhleb accepts your kill.
You can now gain health from killing.
The orc warrior hits you from afar with a +1 vorpal halberd!
The orc warrior hits you with a +1 vorpal halberd!
* * * LOW HITPOINT WARNING * * *
There is an open door, spattered with blood here.
Items here: )) [ †.
You hit the orc warrior but do no damage.
Your headbutt misses the orc warrior.
The orc warrior hits you with a +1 vorpal halberd.
* * * LOW HITPOINT WARNING * * *
x2 You sock the orc warrior!
Your headbutt misses the orc warrior.
The orc warrior is moderately wounded.
The orc warrior closely misses you. You furiously retaliate!
You headbutt the orc warrior, but do no damage.
You closely miss the orc warrior.
The orc warrior is moderately wounded.
You block the orc warrior's attack.
You closely miss the orc warrior. You headbutt the orc warrior!
The orc warrior is severely wounded.
The orc warrior hits you with a +1 vorpal halberd!
* * * LOW HITPOINT WARNING * * *
x2
Okay, then.
As you read the scroll labelled JIUWOH VOVVEECH, it crumbles to dust.
The scroll dissolves into smoke.
It was a scroll of fog.
You block the orc warrior's attack.
You closely miss the orc warrior.
The orc warrior is severely wounded.
The orc warrior hits you with a +1 vorpal halberd!
You die...

###...............#
..................#
......#...........##
#.....###..........#
##.... #......###..#
#.## #.....## #..# +.
#.§.§.## #..## #
###§#..#### #..##
#@#.....# ...#
#....§o§#####.# #..##
.....§.§§ #.#'# #...#
.........##...####...###
.......$.+......##.....#
#.......##......##<.....
#.......#.......##.>...<
####+####.......'.......
#.......#.......


You could see an orc warrior.

Vanquished Creatures
  Grinder (D:3)
  A wyvern (D:8)
  Menkaure (D:7)
  An orc warrior (D:7)
  3 ice beasts
  3 sky beasts
  A necrophage (D:4)
  3 phantoms (D:5)
  2 kobold brigands
  3 bullfrogs
  A scorpion (D:6)
  2 howler monkeys
  A bullfrog zombie (D:5)
  2 centaur zombies
  3 hounds
  2 bullfrog skeletons
  3 centaur skeletons
  3 jellies
  4 orc priests
  Crazy Yiuf (D:2)
  5 orc wizards
  An iguana (D:4)
  Natasha (twice) (D:3)
  11 gnolls
  10 adders
  A white imp (D:8)
  2 ufetubi (D:5)
  2 adder skeletons
  A worm (D:2)
  3 dart slugs
  28 orcs
  8 endoplasms
  11 giant cockroaches
  16 goblins
  12 hobgoblins
  10 quokkas
  16 ball pythons
  6 bats
  7 frilled lizards
  20 kobolds
  8 rats
221 creatures vanquished.

Vanquished Creatures (others)
  2 plants (D:2)
2 creatures vanquished.

Grand Total: 223 creatures vanquished

Notes
Turn   | Place    | Note
-------+----------+-------------------------------------------
     0 | D:1      | ILmort the Minotaur Fighter began the quest for the Orb.
     0 | D:1      | Reached XP level 1. HP: 19/19 MP: 0/0
   208 | D:1      | Reached XP level 2. HP: 27/27 MP: 1/1
   652 | D:1      | Reached XP level 3. HP: 34/34 MP: 2/2
  1468 | D:2      | Found a runed translucent door.
  1469 | D:2      | Noticed Crazy Yiuf
  1536 | D:2      | Killed Crazy Yiuf
  1537 | D:2      | Reached skill level 5 in Fighting
  1537 | D:2      | Reached XP level 4. HP: 31/42 MP: 3/3
  1765 | D:2      | Found a faded altar of an unknown god.
  1952 | D:3      | Reached XP level 5. HP: 34/48 MP: 4/4
  2066 | D:3      | Noticed Grinder
  2082 | D:3      | Paralysed by Grinder for 3 turns
  2102 | D:3      | Killed Grinder
  2103 | D:3      | Reached XP level 6. HP: 38/58 MP: 5/5
  2295 | D:3      | Noticed Natasha
  2302 | D:3      | Killed Natasha
  2923 | D:3      | Noticed Natasha
  2931 | D:3      | Killed Natasha
  3191 | D:4      | Reached XP level 7. HP: 59/66 MP: 6/6
  4357 | D:5      | Entered Level 5 of the Dungeon
  4586 | D:5      | Reached XP level 8. HP: 74/75 MP: 7/7
  5957 | D:6      | Found a glowing drain.
  5961 | Sewer    | Entered a sewer
  6252 | Sewer    | Reached skill level 10 in Fighting
  6595 | D:6      | Found Vychyll's Armour Shoppe.
  6636 | D:6      | Reached XP level 9. HP: 78/85 MP: 8/8
  6808 | D:6      | Found an ornate altar of the Wu Jian Council.
  6894 | D:7      | Reached skill level 5 in Armour
  6957 | D:7      | Found a staircase to the Ecumenical Temple.
  6988 | D:7      | Reached skill level 5 in Shields
  7340 | Temple   | Entered the Ecumenical Temple
  7734 | Temple   | Became a worshipper of Makhleb the Destroyer
  8140 | D:7      | Noticed Menkaure
  8148 | D:7      | Killed Menkaure
  8149 | D:7      | Reached skill level 10 in Maces & Flails
  9445 | D:9      | Reached * piety under Makhleb
  9452 | D:9      | Slain by an orc warrior

Illustrated notes

Levels and vault maps discovered:
D:1:      dpeg_arrival_pond, layout_basic
D:2:      layout_loops_ring, shapermc_ecumenical_altar_petra, minmay_ruptured,
          uniq_crazy_yiuf_cottage
D:3:      kennysheep_the_goblin_king, layout_rooms, minivault_4, uniq_grinder,
          uniq_natasha
D:4:      minmay_chambers_of_twos, layout_cave_pools, columned_hall_lemuel
D:5:      layout_basic, kennysheep_opposing_triangles
D:6:      layout_rooms, general_overflow_altar, serial_shops,
          nicolae_shop_hallway_stairs, gup_sewer_entry_bowl
D:7:      layout_gridville, minmay_temple_entry_glass, uniq_menkaure
D:8:      layout_rooms
D:9:      nicolae_cairo_tiling_very_big, layout_layer_cave, lair_entry_dummy,
          enter_bailey_5
Temple:   mainiacjoe_temple_trianglar_array

Skill      XL: |  1  2  3  4  5  6  7  8  9 |
---------------+----------------------------+-----
Fighting       | 4 5 6 7 8 10 | 10.8
Maces & Flails | 3 4 6 8 9 10 | 10.4
Armour         | 4 6 |  6.3
Shields        | 4 6 |  6.3

Action                   |  1- 3 |  4- 6 |  7- 9 || total
-------------------------+-------+-------+-------++-------
Melee: Flail             |   110 |   109 |   384 ||   603
       Headbutt          |     7 |    23 |    68 ||    98
  Use: Scroll            |       |       |     1 ||     1
Armor: Scale mail        |    52 |       |       ||    52
       Plate armour      |    10 |    47 |   263 ||   320
       Chain mail        |     1 |       |       ||     1
Dodge: Dodged            |    54 |    21 |   115 ||   190
Block: Buckler           |    22 |    13 |    80 ||   115
